 Dungeon Crawl Stone Soup version 0.15-a0-413-gc6111ba (webtiles) character file.

280 4tharraofdagon the Chucker (level 6, 0/61 HPs)
             Began as an Ogre Hunter on May 5, 2014.
             Succumbed to poison (a potion of poison)
             ... on Level 6 of the Dungeon.
             The game lasted 00:04:57 (572 turns).

4tharraofdagon the Chucker (Ogre Hunter)             Turns: 572, Time: 00:04:57

HP   0/61        AC  8     Str 25      XL: 6   Next:  6%
MP   6/6         EV 10     Int 15      God:
Gold 45          SH  0     Dex 10      Spells:  0 memorised,  5 levels left

rFire  . . .     SeeInvis .     n - +1,+2 mace (protect)
rCold  . . .     Clarity  .     d - +0 animal skin
rNeg   . . .     Conserve .     (shield restricted)
rPois  .         rCorr    .     (helmet restricted)
rElec  .         rRot     .     (no cloak)
SustAb . .       Spirit   .     (gloves unavailable)
rMut   .         Warding  .     (boots unavailable)
Gourm  +         Stasis   .     m - amulet of the gourmand
MR     .....                    (no ring)
                                (no ring)

@: mighty, brilliant, lethally poisoned, very slightly contaminated, not
resistant to hostile enchantments, very unstealthy
A: unfitting armour, fast metabolism 1, saprovore 1, tough skin 1
a: no special abilities


You were on level 6 of the Dungeon.
You were not hungry.

You visited 1 branch of the dungeon, and saw 6 of its levels.

You collected 45 gold pieces.

Inventory:

Hand weapons
 a - a +1,+1 club
 j - a +0,+0 flail
 n - a +1,+2 mace of protection (weapon)
Missiles
 c - 2 throwing nets (quivered)
 h - 6 darts of frost
Armour
 d - a +0 animal skin (worn)
Comestibles
 f - 2 meat rations
 r - a bread ration
Scrolls
 i - a scroll of identify {unknown}
 l - 3 scrolls of teleportation {unknown}
 p - a scroll of immolation {unknown}
 t - 2 scrolls of fog {unknown}
 u - a scroll of recharging {unknown}
Jewellery
 m - an amulet of the gourmand (around neck)
 o - an uncursed ring of ice
Potions
 b - a potion of cure mutation {unknown}
Books
 v - a book of Annihilations {highlevel, unknown}

   This book is beyond your current level of understanding.

   Spells                             Type                      Level
   Poison Arrow                       Conjuration/Poison           6
   Chain Lightning                    Conjuration/Air              8
   Lehudib's Crystal Spear            Conjuration/Earth            8
   Glaciate                           Conjuration/Ice              9
   Fire Storm                         Conjuration/Fire             9


   Skills:
 + Level 3.3 Fighting
 * Level 3.4 Maces & Flails
 + Level 7.0 Throwing
 - Level 1.7 Dodging
 + Level 0.8 Stealth


You had 5 spell levels left.
You didn't know any spells.

Dungeon Overview and Level Annotations

Branches:
Dungeon (6/15)
 Temple: D:4-7

Altars:
Vehumet


Innate Abilities, Weirdness & Mutations

You are too large for most types of armour.
You have a fast metabolism.
You can tolerate rotten meat.
You have tough skin (AC +1).


Message History

A murky blue potion.
The floor.
Unknown command.
Unknown command.
Unknown command.
Unknown command.
Enter note: ctrl+q Unknown command.
Unknown command.
Unknown command.
Unknown command.
Read which item? (? for menu, Esc to quit)
As you read the scroll labeled HYNI DAIPRINYSS, it crumbles to dust.
Blink to where?
Press: ? - help, Dir - move target cursor You are very lightly contaminated with residual magic.
It was a scroll of blinking.
Found a stone staircase leading down.
b - a murky blue potion You die...

... ... .>. #.# #.. #.#
#.#.# ####.#.## #.....@.#
#.......# #.(.....#
#%.(....# #..(....#
###....$ยง.####### #
.......)......... .#
...........########..#
........(..##........#.#.


There were no monsters in sight!

Vanquished Creatures
  A centaur (D:6)
  A wight (D:6)
  2 worker ants (D:4)
  3 gnolls (D:2)
  A worm (D:4)
  A giant gecko (D:2)
  2 goblins
  4 hobgoblins
  2 quokkas
  3 bats
  A giant newt (D:4)
  3 kobolds
24 creatures vanquished.

Notes
Turn   | Place    | Note
--------------------------------------------------------------
     0 | D:1      | 4tharraofdagon, the Ogre Hunter, began the quest for the Orb.
     0 | D:1      | Reached XP level 1. HP: 22/22 MP: 1/1
    34 | D:2      | Reached XP level 2. HP: 29/29 MP: 2/2
    38 | D:2      | good
    55 | D:2      | Reached skill level 5 in Throwing
    66 | D:2      | Reached XP level 3. HP: 24/36 MP: 3/3
   351 | D:4      | Reached XP level 4. HP: 34/45 MP: 4/4
   356 | D:4      | Reached skill level 6 in Throwing
   417 | D:5      | Entered Level 5 of the Dungeon
   485 | D:5      | Found a radiant altar of Vehumet.
   541 | D:6      | Reached XP level 5. HP: 53/53 MP: 5/5
   551 | D:6      | Noticed a centaur
   556 | D:6      | HP: 1/53 [centaur/arrow (8)]
   566 | D:6      | HP: 2/53 [poison (a potion of poison)]
   568 | D:6      | Killed a centaur
   568 | D:6      | Reached skill level 7 in Throwing
   568 | D:6      | Reached XP level 6. HP: 2/61 MP: 6/6
   571 | D:6      | ctrl+q
   572 | D:6      | Succumbed to poison (a potion of poison)

Action                   |  1- 3 |  4- 6 || total
-------------------------+-------+-------++-------
Melee: Club              |     6 |       ||     6
       Flail             |    17 |       ||    17
       Mace              |       |    27 ||    27
Throw: Large rock        |    14 |     8 ||    22
  Use: Potion            |       |     6 ||     6
       Scroll            |       |     1 ||     1

Vault maps used:
D:1:      dpeg_arrival_lava_temple_mockup
D:2:      nicolae_overflow_hidden_temple, uniq_sigmund
D:3:      first_bread, minmay_bat_box, uniq_terence, uniq_jessica
D:4:      lemuel_temple_firewalk_marked
D:5:      lemuel_doored_altar, kennysheep_flooded_box, abandoned_shop,
          uniq_edmund, uniq_pikel
D:6:      makhleb_heckhound_becter
